 Dungeon Crawl Stone Soup version 0.30-b1-5-g8e6c1be481 (webtiles) character file.

Game seed: 4457357683934836074

83 Hubris850 the Digger (level 4, -8/24 HPs)
             Began as a Gargoyle Earth Elementalist on May 3, 2023.
             Mangled by a gnoll bouda
             ... wielding a +0 whip
              (10 damage)
             ... on level 2 of the Dungeon.
             The game lasted 00:04:46 (1607 turns).

Hubris850 the Digger (Gargoyle Earth Elementalist)  Turns: 1607, Time: 00:04:47

Health: -8/24      AC: 12    Str: 14    XL:     4   Next: 44%
Magic:  7/7        EV:  9    Int: 15    God:
Gold:   97         SH:  0    Dex: 10    Spells: 6/7 levels left

rFire   . . .        j - +0 broad axe
rCold   . . .        (no shield)
rNeg    + . .        i - +0 scale mail
rPois   ∞            g - +0 helmet
rElec   +            n - +0 cloak
rCorr   .            (no gloves)
SInv    .            (no boots)
Will    .....        (no amulet)
Stlth   +            (no ring)
HPRegen 0.24/turn    (no ring)
MPRegen 0.10/turn

%: no passive effects
@: no status effects
A: sickness immunity, AC +3, negative energy resistance 1, electricity
resistance, torment resistance 1, petrification resistance
a: no special abilities


You were on level 2 of the Dungeon.
You visited 1 branch of the dungeon, and saw 2 of its levels.

You collected 97 gold pieces.

Inventory:

Hand Weapons
 c - a +0 dagger
 j - a +0 broad axe (weapon)
 k - a +0 hand axe of flaming
Missiles
 p - 3 poisoned darts
Armour
 a - a +0 robe
 d - an orb of guile
 g - a +0 helmet (worn)
 i - a +0 scale mail (worn)
 n - a +0 cloak (worn)
Scrolls
 f - a scroll of immolation {unknown}
 h - 3 scrolls of identify {unknown}
 l - a scroll of enchant weapon {unknown}
Potions
 b - 2 potions of magic
 e - a potion of haste {unknown}
 m - 2 potions of might {unknown}
 o - a potion of brilliance {unknown}
 q - a potion of berserk rage {unknown}


   Skills:
 + Level 1.7 Axes
 + Level 2.1 Armour
 - Level 1.8 Dodging
 - Level 2.5 Stealth
 - Level 2.2 Spellcasting
 - Level 1.1 Transmutations
 - Level 3.9 Earth Magic


You had 6 spell levels left.
You knew the following spells:

 Your Spells              Type           Power      Damage    Failure   Level
a - Sandblast             Erth           26%        2d8       19%         1

Your spell library contained the following spells:

 Spells                   Type           Power      Damage    Failure   Level
 Passwall                 Tmut/Erth      7%         N/A       43%         2
 Stone Arrow              Conj/Erth      14%        3d7       77%         3
 Petrify                  Tmut/Erth      9%         N/A       97%         4


Dungeon Overview and Level Annotations

Branches:
Dungeon (2/15)

Altars:


Innate Abilities, Weirdness & Mutations

You are immune to sickness and miasma.
Your stone body is resilient. (AC +3)
You are immune to poison.
You resist negative energy. (rN+)
You are resistant to electric shocks. (rElec)
You are resistant to unholy torment.
You are immune to petrification.


Message History

You feel your attacks grow feeble.
The gnoll bouda hits you with a +0 whip.
You are too injured to fight recklessly!
You are too injured to fight recklessly!
You are too injured to fight recklessly!
You closely miss the gnoll bouda.
The gnoll bouda is severely wounded.
The gnoll bouda hits you with a +0 whip!
* * * LOW HITPOINT WARNING * * *
The gnoll bouda hits you but does no damage.
You closely miss the gnoll bouda.
The gnoll bouda is severely wounded.
The gnoll bouda barely misses you.
You closely miss the gnoll bouda.
The gnoll bouda is severely wounded.
Your attacks no longer feel as feeble.
The gnoll bouda barely misses you. The gnoll bouda closely misses you.
You hit the gnoll bouda.
The gnoll bouda is almost dead.
The gnoll bouda hits you but does no damage.
You hit the gnoll bouda but do no damage.
The gnoll bouda is almost dead.
The gnoll bouda hits you but does no damage. x2
You hit the gnoll bouda but do no damage.
The gnoll bouda is almost dead.
The gnoll bouda hits you with a +0 whip.
* * * LOW HITPOINT WARNING * * *
You barely miss the gnoll bouda.
The gnoll bouda is almost dead.
The gnoll bouda barely misses you.
The gnoll bouda hits you with a +0 whip.
* * * LOW HITPOINT WARNING * * *
You hit the gnoll bouda.
The gnoll bouda is almost dead.
The gnoll bouda prays to its god.
The gnoll bouda is healed somewhat.
You slash the gnoll bouda!
The gnoll bouda is almost dead.
The gnoll bouda hits you with a +0 whip!
You die...

#####'###.......#'#..#.......
#..........##)##.#.......
###........#...#..#......
#.......#######.#......
##.......# #.#......
#........# +........
#.......#########.......
#.......#...... #.......
##...##@g...... #.......
#.... #†#...... #.......
#.... #.#########....... #...
#..# +........ ##.# #........
#.## ##.[###### #..# #...#
##.## ##.#.# #..#+#..#.#


You could see a gnoll bouda.

Vanquished Creatures
  2 adders (D:2)
  A dart slug (D:1)
  7 endoplasms
  A giant cockroach (D:2)
  8 goblins
  5 hobgoblins
  3 jackals (D:2)
  5 kobolds
  3 quokkas
  5 ball pythons
  6 bats
  2 frilled lizards (D:2)
  8 rats
  A spectral hobgoblin (D:2)
57 creatures vanquished.

Notes
Turn   | Place    | Note
-------+----------+-------------------------------------------
     0 | D:1      | Hubris850 the Gargoyle Earth Elementalist began the quest
                  | for the Orb.
     0 | D:1      | Reached XP level 1. HP: 10/10 MP: 3/3
    89 | D:1      | Reached skill level 1 in Transmutations
    89 | D:1      | Reached XP level 2. HP: 14/15 MP: 0/5
   503 | D:1      | Reached XP level 3. HP: 19/19 MP: 6/6
   889 | D:1      | Reached skill level 1 in Armour
  1195 | D:2      | Reached skill level 1 in Axes
  1205 | D:2      | Found a faded altar of an unknown god.
  1380 | D:2      | Reached XP level 4. HP: 13/24 MP: 7/7
  1607 | D:2      | Mangled by a gnoll bouda

Illustrated notes

Levels and vault maps discovered:
D:1:      saegor_arrival_simple_a, layout_basic, kennysheep_boxes
D:2:      layout_basic, dreamdust_ecumenical_altar_drowned_temple, serial_shops,
          shop, minmay_divided_ellipse

Skill      XL: |  1  2  3  4 |
---------------+-------------+-----
Transmutations | 1 |  1.1
Armour         | 1 2 |  2.1
Axes           | 1 |  1.7
Dodging        | |  1.8
Stealth        | |  2.5
Spellcasting   | |  2.2
Earth Magic    | |  3.9

Action                     |  1- 3 |  4- 6 || total
---------------------------+-------+-------++-------
  Melee: Dagger            |    22 |       ||    22
         Broad axe         |    78 |    71 ||   149
   Cast: Sandblast         |    17 |       ||    17
 Armour: Robe              |     8 |       ||     8
         Scale mail        |    63 |    46 ||   109
  Dodge: Dodged            |    70 |    57 ||   127
